[Event "Titled Tuesday Blitz January 31 Late 2023"]
[White "Bok, Benjamin"]
[Black "Urazayev, Arystanbek"]
[WhiteFideId "1017063"]
[BlackFideId "13709810"]
[WhiteElo "2607"]
[BlackElo "2460"]
[Result "1-0"]
[Round "08"]
[TimeControl "180+2"]
[Date "2023.01.31"]
[WhiteClock "0:00:02"]
[BlackClock "0:00:07"]

1. d4 d5 2. c4 e6 3. Nc3 Nf6 4. cxd5 exd5 5. Bg5 c6 6. e3 h6 7. Bh4 Be7 8. Bd3 O-O 9. Nge2 Ne8 10. Bg3 Nd6 11. Qc2 Re8 12. O-O a5 13. f3 Bh4 14. e4 Bxg3 15. Nxg3 Na6 16. a3 Qb6 17. Nge2 Nc7 18. Kh1 Ndb5 19. Rad1 dxe4 20. Bxe4 Be6 21. Na4 Qa7 22. Nc5 Bd5 23. Nf4 Rad8 24. Rfe1 Nd6 25. Bxd5 Nxd5 26. Nxd5 cxd5 27. h3 b6 28. Nd3 Nc4 29. Qc3 Ne3 30. Rc1 Nf5 31. Ne5 b5 32. Nc6 Ng3+ 33. Kh2 Qc7 34. Nxd8 Nf1+ 35. Kg1 Qh2+ 36. Kxf1 Rxd8 37. Qc7 Rd6 38. Qc8+ Kh7 39. Qf5+ Rg6 40. Rc2 1-0


[Site "https://www.chess.com"]

[Event "Titled Tuesday Blitz January 31 Late 2023"]
[White "Avila Pavas, Santiago"]
[Black "So, Wesley"]
[WhiteFideId "4437128"]
[BlackFideId "5202213"]
[WhiteElo "2522"]
[BlackElo "2760"]
[Result "0-1"]
[Round "08"]
[TimeControl "180+2"]
[Date "2023.01.31"]
[WhiteClock "0:00:08"]
[BlackClock "0:00:33"]

1. d4 Nf6 2. Nf3 g6 3. Bg5 Bg7 4. Nbd2 h6 5. Bh4 O-O 6. e4 d6 7. c3 c5 8. dxc5 dxc5 9. Bc4 Nc6 10. Qe2 Nh5 11. Qe3 Qb6 12. O-O-O Na5 13. Bxe7 Re8 14. Bxc5 Qc7 15. Bb5 Rd8 16. Bd4 Be6 17. Kb1 Nc6 18. Bxg7 Kxg7 19. Bxc6 bxc6 20. Nd4 Bd7 21. N2b3 Rab8 22. Nc5 Qb6 23. Ndb3 Be8 24. e5 Kh7 25. e6 Ng7 26. exf7 Bxf7 27. Nd7 Bxb3 28. Nxb6 Bxd1 29. Nc4 Bg4 30. f3 Be6 31. Ne5 Re8 32. f4 a5 33. Rd1 Bd5 34. c4 Be6 35. g4 Bxg4 36. Qc5 Bxd1 37. Qxc6 Re6 38. Qc7 Rf8 39. c5 Rxf4 40. c6 Rf1 41. b4 axb4 42. Kb2 Rf2+ 43. Kc1 Ba4 0-1


[Site "https://www.chess.com"]

[Event "Titled Tuesday Blitz January 31 Late 2023"]
[White "Borges Feria, Yasel"]
[Black "Martinez Alcantara, Jose Eduardo"]
[WhiteFideId "3504921"]
[BlackFideId "3805662"]
[WhiteElo "2439"]
[BlackElo "2619"]
[Result "0-1"]
[Round "08"]
[TimeControl "180+2"]
[Date "2023.01.31"]
[WhiteClock "0:00:04"]
[BlackClock "0:00:03"]

1. e4 c5 2. Nf3 d6 3. d4 cxd4 4. Nxd4 Nf6 5. Nc3 Nc6 6. f3 Qb6 7. Nb3 e6 8. Qe2 h5 9. Be3 Qc7 10. O-O-O a6 11. Kb1 b5 12. Qf2 Rb8 13. Bd3 Bd7 14. Rhe1 Ne5 15. h3 b4 16. Ne2 a5 17. Nd2 a4 18. Rc1 Qb7 19. Bd4 b3 20. a3 Be7 21. f4 bxc2+ 22. Bxc2 Nc6 23. Bc3 d5 24. Ka1 dxe4 25. Nxe4 Nd5 26. Bd3 Na5 27. Nd4 Nxc3 28. Nxc3 O-O 29. Ne4 Qb6 30. Bc4 Nc6 31. Nf3 Qxf2 32. Nxf2 Bf6 33. Rc2 Rfc8 34. Ne4 Be7 35. Rec1 Na5 36. Ba2 Rxc2 37. Rxc2 Bc6 38. Re2 Bb5 39. Re1 Rc8 40. Nc3 Be8 41. Rxe6 Kf8 42. Re1 Nc4 43. Bxc4 Rxc4 44. g3 Bxa3 45. Ne5 Rc8 46. Re3 Bc5 47. Rd3 a3 48. Kb1 axb2 49. Kxb2 Rb8+ 50. Kc2 Rc8 51. Nd7+ Bxd7 52. Rxd7 Bb4 53. Rd3 Ke7 54. Kb3 Bc5 55. Ne4 Bb6 56. h4 Rc1 57. Rc3 Re1 58. Ng5 f6 59. Rc6 Bf2 60. Rc7+ Kd8 61. Rxg7 fxg5 62. Rxg5 Re3+ 63. Kc4 Bxg3 64. Rxh5 Bxf4 65. Rh7 Ke8 66. h5 Kf8 67. Kd4 Re1 68. Kd3 Bg5 69. Rb7 Rh1 70. Rb5 Rxh5 71. Ke4 Kg7 72. Kf3 Kg6 73. Kg4 Rh4+ 74. Kg3 Rc4 75. Rb3 Bf6 76. Rf3 Be5+ 77. Kf2 Kg5 78. Rb3 Kf5 79. Ke2 Rd4 80. Rf3+ Bf4 81. Rd3 Ra4 82. Rd8 Ke4 83. Re8+ Be5 84. Ke1 Ra2 85. Kf1 Ra7 86. Kg2 Rf7 87. Ra8 Rg7+ 0-1


[Site "https://www.chess.com"]

[Event "Titled Tuesday Blitz January 31 Late 2023"]
[White "Sanal, Vahap"]
[Black "Bryakin, Mikhail"]
[WhiteFideId "6300545"]
[BlackFideId "4165314"]
[WhiteElo "2600"]
[BlackElo "2455"]
[Result "0-1"]
[Round "08"]
[TimeControl "180+2"]
[Date "2023.01.31"]
[WhiteClock "0:00:01"]
[BlackClock "0:00:06"]

1. e4 d5 2. exd5 Qxd5 3. Nc3 Qe5+ 4. Be2 Bg4 5. d4 Bxe2 6. Ngxe2 Qa5 7. O-O Nf6 8. b4 Qh5 9. Qd3 e6 10. Bf4 Nc6 11. a3 O-O-O 12. Rad1 Bd6 13. Bxd6 Rxd6 14. Nb5 Rd7 15. c4 Rhd8 16. Qe3 a6 17. Nbc3 Ne7 18. d5 Ng4 19. Qg3 Nf5 20. Qh3 Qxh3 21. gxh3 Ne5 22. dxe6 Rxd1 23. Rxd1 Rxd1+ 24. Nxd1 fxe6 25. Nb2 g5 26. Ng3 h6 27. Ne4 b6 28. Kg2 Kd7 29. Nf6+ Ke7 30. Ne4 Nh4+ 31. Kg3 Nf5+ 32. Kg2 Nh4+ 33. Kf1 Nef3 34. Ke2 Nxh2 35. Nd2 g4 36. Nd3 gxh3 37. f3 Nf5 38. Kf2 h5 39. Kg1 Ng4 40. fxg4 hxg4 41. Nf2 Ne3 42. Kh2 Kf6 43. Kg3 Ke5 44. c5 Kd4 45. c6 Kd5 46. Kf4 h2 47. Nh1 Nc4 48. Nb3 Nxa3 49. Kxg4 Nc2 50. Kg3 Nxb4 51. Kxh2 Nxc6 52. Kg2 Kc4 53. Nd2+ Kc3 54. Ne4+ Kd3 55. Nhf2+ Kd4 56. Kf3 a5 57. Ke2 Ne5 58. Kd2 c5 59. Ng5 Nc4+ 60. Kc2 e5 61. Ne6+ Kd5 62. Nc7+ Kc6 63. Ne6 Nd6 64. Nd3 e4 65. Ndf4 b5 66. Kc3 a4 67. Kc2 b4 68. Ne2 c4 69. N6d4+ Kd5 70. Kd2 a3 71. Nc2 Kc5 72. Kc1 Nb5 73. Ng3 b3 74. Nxe4+ Kd5 75. Nd2 bxc2 76. Kxc2 Kc5 77. Ne4+ Kb4 78. Nd2 Nd4+ 79. Kb1 Nb3 80. Ne4 Nc5 81. Nd2 Na4 82. Ka2 Nc3+ 83. Ka1 Nb5 84. Ne4 Kb3 85. Nd2+ Kc3 86. Ne4+ Kd4 87. Nd2 c3 88. Nb3+ Kd3 89. Kb1 Nd4 90. Nc5+ Kc4 91. Ne4 Kd3 0-1


[Site "https://www.chess.com"]

[Event "Titled Tuesday Blitz January 31 Late 2023"]
[White "Mikaelyan, Arman"]
[Black "Makhnev, Denis"]
[WhiteFideId "13304852"]
[BlackFideId "13707647"]
[WhiteElo "2523"]
[BlackElo "2483"]
[Result "1/2-1/2"]
[Round "08"]
[TimeControl "180+2"]
[Date "2023.01.31"]
[WhiteClock "0:00:10"]
[BlackClock "0:01:10"]

1. a3 e5 2. e3 Nf6 3. b4 a5 4. Bb2 axb4 5. axb4 Rxa1 6. Bxa1 Bxb4 7. Bxe5 O-O 8. Nf3 Nc6 9. Bb2 d5 10. Be2 Bf5 11. O-O h6 12. d3 Re8 13. Nbd2 Bd6 14. Qa1 Be7 15. Rb1 Qd7 16. Ne5 Nxe5 17. Bxe5 b6 18. Nf3 Bg4 19. h3 Bh5 20. Qa7 Bd8 21. Bxf6 Bxf6 22. Rxb6 Rc8 23. Rb8 Qd8 24. Rxc8 Qxc8 25. Qc5 c6 26. g4 Bg6 27. Nd4 Bxd4 28. Qxd4 Qe6 29. Bf3 f5 30. Kg2 Kh8 31. c4 Bf7 32. cxd5 cxd5 33. Qf4 Bg6 34. d4 fxg4 35. hxg4 Kh7 36. Qe5 Qxe5 37. dxe5 Bf7 38. Bd1 g6 39. f4 Be6 40. Kg3 Kg7 41. Bc2 Bd7 42. f5 Bb5 43. Kf4 g5+ 44. Kg3 Be2 45. Ba4 Kf7 46. Bc6 Bc4 47. Kf3 Ke7 48. e4 dxe4+ 49. Kxe4 Be2 50. f6+ Kf7 51. Kf5 Bd3+ 52. Be4 Bc4 53. Bc2 Be6+ 54. Ke4 Bxg4 55. Bb3+ Be6 56. Bd1 g4 57. Kf4 h5 58. Kg5 Bd5 59. Bxg4 hxg4 60. Kxg4 Be4 61. Kf4 Bh7 62. Kg5 Bd3 63. Kf4 Ke6 64. Ke3 Bg6 65. Kd4 Bf7 66. Ke3 Kxe5 67. Kf3 Kf5 68. Ke3 Ke5 69. Kf3 Kd6 70. Ke3 Ke6 71. Kf4 Kxf6 1/2-1/2


[Site "https://www.chess.com"]

[Event "Titled Tuesday Blitz January 31 Late 2023"]
[White "Timmermans, Mark"]
[Black "Rasulov, Vugar"]
[WhiteFideId "1026399"]
[BlackFideId "13402390"]
[WhiteElo "2392"]
[BlackElo "2523"]
[Result "1-0"]
[Round "08"]
[TimeControl "180+2"]
[Date "2023.01.31"]
[WhiteClock "0:00:13"]
[BlackClock "0:00:03"]

1. e4 c5 2. Nf3 e6 3. d4 cxd4 4. Nxd4 a6 5. c4 Nf6 6. Nc3 Qc7 7. a3 b6 8. g3 Bb7 9. Bg2 Qxc4 10. Be3 Nc6 11. Rc1 Ne5 12. Bf1 Qc8 13. Nd5 exd5 14. Rxc8+ Rxc8 15. f4 Neg4 16. Bg1 dxe4 17. h3 Nh6 18. Be3 Nd5 19. Qb3 Nxe3 20. Qxe3 Bc5 21. g4 b5 22. Rh2 O-O 23. Rd2 Bb6 24. Bg2 Rc4 25. Bf1 Rc1+ 26. Rd1 Rc7 27. Be2 Rfc8 28. Qb3 Rc1 29. Rxc1 Rxc1+ 30. Kd2 Rc8 31. Nc2 d5 32. Bxb5 d4 33. Bc4 e3+ 34. Kd3 Rc6 35. Bd5 Rd6 36. Bxb7 g6 37. Qb4 Bc7 38. Qc5 Rd7 39. Bxa6 Bd8 40. Qc8 Rd6 41. Nxd4 Kg7 42. Kxe3 Bb6 43. Qb8 Bxd4+ 44. Ke4 Bc5 45. Qc7 Rd4+ 46. Kf3 Bd6 47. Qc3 Be5 48. fxe5 Ra4 49. e6+ f6 50. Bb5 Ra8 51. Qc7+ Kg8 52. e7 Nf7 53. e8=Q+ Rxe8 54. Bxe8 Ng5+ 55. Kg2 Ne6 56. Qf7+ 1-0


[Site "https://www.chess.com"]

[Event "Titled Tuesday Blitz January 31 Late 2023"]
[White "Oparin, Grigoriy"]
[Black "Oganian, Miran"]
[WhiteFideId "24125890"]
[BlackFideId "4122488"]
[WhiteElo "2667"]
[BlackElo "2439"]
[Result "1-0"]
[Round "08"]
[TimeControl "180+2"]
[Date "2023.01.31"]
[WhiteClock "0:01:39"]
[BlackClock "0:00:23"]

1. g3 Nf6 2. Bg2 e5 3. c4 Nc6 4. Nc3 g6 5. e3 Bg7 6. Nge2 O-O 7. O-O d6 8. b3 Bg4 9. Bb2 Qd7 10. Re1 Bh3 11. Bh1 Kh8 12. d4 Rae8 13. Qd2 Ng4 14. dxe5 Ncxe5 15. Nf4 Nh6 16. Nxh3 Qxh3 17. Bg2 Qh5 18. Nd5 Nf3+ 19. Bxf3 Qxf3 20. Nxc7 Re4 21. Bxg7+ Kxg7 22. Qe2 Qf5 23. Nb5 Qf6 24. Rad1 Nf5 25. Rd5 h5 26. Red1 Rd8 27. Qf3 Re5 28. Nd4 Nxd4 29. Qxf6+ Kxf6 30. R5xd4 Ke7 31. Kg2 b5 32. cxb5 Rxb5 33. Rc1 Rd7 34. h4 a5 35. Kf3 Ke6 36. Re4+ Kf6 37. Rc6 Rf5+ 38. Rf4 Ke6 39. Rxf5 Kxf5 40. Ra6 d5 41. Rxa5 Ke5 42. b4 Rc7 43. a4 Rc2 44. b5 Rb2 45. Ra6 Kf5 46. b6 Rxb6 47. Rxb6 1-0


[Site "https://www.chess.com"]

[Event "Titled Tuesday Blitz January 31 Late 2023"]
[White "Predke, Alexandr"]
[Black "Stoyanov, Tsvetan"]
[WhiteFideId "24107581"]
[BlackFideId "2917173"]
[WhiteElo "2685"]
[BlackElo "2454"]
[Result "1-0"]
[Round "08"]
[TimeControl "180+2"]
[Date "2023.01.31"]
[WhiteClock "0:00:07"]
[BlackClock "0:00:01"]

1. e4 c5 2. Nf3 d6 3. Nc3 a6 4. Bc4 e6 5. a3 Nf6 6. d3 Be7 7. O-O Nc6 8. Ba2 O-O 9. Ne2 b5 10. Ng3 Bb7 11. c3 d5 12. e5 Nd7 13. d4 cxd4 14. cxd4 f5 15. exf6 Bxf6 16. Re1 Re8 17. Nh5 Nf8 18. Bf4 Be7 19. Bg3 Bd6 20. Rc1 Bxg3 21. hxg3 Rc8 22. Bb1 g6 23. Nf4 Qf6 24. Rc3 g5 25. Nh5 Qf7 26. Rxc6 Qxh5 27. Rb6 Re7 28. Qd2 h6 29. Ne5 Qe8 30. Rd6 Rd8 31. Rxd8 Qxd8 32. f4 Rg7 33. f5 Bc8 34. g4 exf5 35. gxf5 Qf6 36. Ng4 Qb6 37. f6 Bxg4 38. fxg7 Kxg7 39. Re7+ Kg8 40. Qe3 Qf6 41. Bd3 Bh5 42. Qe5 Qxe5 43. dxe5 Ng6 44. Bxg6 Bxg6 45. Re6 Kf7 46. Rf6+ Kg7 47. Rxa6 d4 48. Kf2 1-0


[Site "https://www.chess.com"]

[Event "Titled Tuesday Blitz January 31 Late 2023"]
[White "Melkumyan, Hrant"]
[Black "Mekhitarian, Krikor Sevag"]
[WhiteFideId "13302485"]
[BlackFideId "2107660"]
[WhiteElo "2645"]
[BlackElo "2537"]
[Result "0-1"]
[Round "08"]
[TimeControl "180+2"]
[Date "2023.01.31"]
[WhiteClock "0:00:01"]
[BlackClock "0:00:03"]

1. d4 Nf6 2. c4 g6 3. h4 Bg7 4. Nc3 c5 5. d5 d6 6. e4 e6 7. Be2 exd5 8. exd5 O-O 9. h5 Re8 10. h6 Bh8 11. Bg5 Nbd7 12. Nf3 a6 13. O-O Qa5 14. Qd2 Rb8 15. Rfe1 b5 16. Bf1 bxc4 17. Rxe8+ Nxe8 18. Re1 Ndf6 19. Bxc4 Bg4 20. Nh2 Bf5 21. b3 Nd7 22. Re3 Ne5 23. Be2 Nc7 24. g4 Bc8 25. f4 Nd7 26. Bd8 Bb7 27. Re8+ Nf8 28. Bxc7 Qxc7 29. Rxb8 Qxb8 30. Nf3 Nd7 31. g5 Nb6 32. Bc4 Qc8 33. Kf2 Qf5 34. Ne2 Bxd5 35. Ng3 Qe6 36. f5 gxf5 37. Bxd5 Nxd5 38. Qd3 f4 39. Ne4 Be5 40. Nfd2 Ne3 41. Qxa6 Qe8 42. Qb7 Qf8 43. Nc4 d5 44. Nxe3 fxe3+ 45. Kxe3 dxe4 46. Kxe4 Bd4 47. Kd3 Qe8 48. Kc4 Qe6+ 49. Kb5 Qe8+ 50. Kc4 Be3 51. Qd5 Qe6 0-1


[Site "https://www.chess.com"]

[Event "Titled Tuesday Blitz January 31 Late 2023"]
[White "Kravtsiv, Martyn"]
[Black "Harshavardhan G B"]
[WhiteFideId "14113147"]
[BlackFideId "25059009"]
[WhiteElo "2598"]
[BlackElo "2408"]
[Result "1-0"]
[Round "08"]
[TimeControl "180+2"]
[Date "2023.01.31"]
[WhiteClock "0:01:40"]
[BlackClock "0:00:09"]

1. e4 e5 2. Nf3 Nc6 3. Nc3 Nf6 4. a4 d5 5. exd5 Nxd5 6. Bb5 Nxc3 7. bxc3 Bd6 8. O-O O-O 9. d4 exd4 10. cxd4 h6 11. c3 Qf6 12. a5 a6 13. Bd3 Ne7 14. Re1 Ng6 15. Rb1 Nf4 16. Be4 c6 17. Ne5 c5 18. Bxb7 Bxb7 19. Rxb7 Rfe8 20. Rxf7 Bxe5 21. Rxf6 Bxf6 22. Bxf4 Rxe1+ 23. Qxe1 cxd4 24. cxd4 Rc8 25. Qe6+ 1-0


[Site "https://www.chess.com"]

[Event "Titled Tuesday Blitz January 31 Late 2023"]
[White "Maximov, Dmitry"]
[Black "Svane, Frederik"]
[WhiteFideId "14105659"]
[BlackFideId "12923044"]
[WhiteElo "2497"]
[BlackElo "2600"]
[Result "1-0"]
[Round "08"]
[TimeControl "180+2"]
[Date "2023.01.31"]
[WhiteClock "0:00:04"]
[BlackClock "0:00:02"]

1. e4 c5 2. Nf3 Nc6 3. Bb5 e6 4. O-O Nge7 5. Re1 b6 6. c3 a6 7. Bf1 d5 8. e5 d4 9. a4 Bb7 10. Na3 Ng6 11. g3 Qc7 12. Qe2 Be7 13. Bg2 O-O 14. d3 Rad8 15. h4 h6 16. h5 Nh8 17. Bf4 Na5 18. c4 Bc6 19. Nb1 b5 20. axb5 axb5 21. cxb5 Bxb5 22. Nbd2 Nc6 23. Ne4 Nb4 24. Red1 Nd5 25. Bd2 Rb8 26. Rdc1 Bd7 27. Be1 Qb6 28. Rab1 Bb5 29. Bd2 Rfc8 30. Ne1 Ba6 31. Qg4 Kf8 32. Bf1 Qb3 33. Ra1 Qb7 34. Bg2 Bb5 35. Nf6 Nxf6 36. exf6 Bc6 37. fxe7+ Qxe7 38. Bxc6 Rxc6 39. b4 e5 40. bxc5 f6 41. Ra5 Nf7 42. Qf5 Kg8 43. Rca1 Rxc5 44. Ra7 Rc7 45. Ra8 Rcc8 46. Qxc8+ Rxc8 47. Rxc8+ Kh7 48. Raa8 Qe6 49. Nf3 Qf5 50. Kg2 Qxd3 51. Rf8 e4 52. Nh4 Qxd2 53. Ng6 Qe2 54. Rh8+ Nxh8 55. Rxh8# 1-0


[Site "https://www.chess.com"]

[Event "Titled Tuesday Blitz January 31 Late 2023"]
[White "Holt, Conrad"]
[Black "Petkov, Momchil"]
[WhiteFideId "2034387"]
[BlackFideId "2921642"]
[WhiteElo "2540"]
[BlackElo "2522"]
[Result "0-1"]
[Round "08"]
[TimeControl "180+2"]
[Date "2023.01.31"]
[WhiteClock "0:00:03"]
[BlackClock "0:00:05"]

1. d4 Nf6 2. c4 e6 3. Nc3 d5 4. cxd5 exd5 5. Bg5 c6 6. e3 h6 7. Bh4 Be7 8. Qc2 O-O 9. Bd3 Re8 10. Nf3 Ne4 11. Bxe7 Qxe7 12. O-O Nd7 13. b4 Ndf6 14. b5 Nxc3 15. Qxc3 cxb5 16. Bxb5 Bd7 17. Bxd7 Qxd7 18. Ne5 Qe6 19. Rac1 Rec8 20. Qa5 Ne4 21. Rxc8+ Rxc8 22. Qxa7 Rc2 23. Qxb7 Rxa2 24. Qb8+ Kh7 25. Qb1 Qa6 26. Nxf7 Kg8 27. Ne5 Nc3 28. Qe1 Ne2+ 29. Kh1 Rc2 30. h3 Rc1 31. Qxc1 Nxc1 32. Rxc1 Qe2 33. Kg1 h5 34. Nf3 Kf7 35. Ng5+ Kf6 36. h4 Ke7 37. Rc7+ Kd6 38. Rf7 g6 39. g3 Qc2 40. Kg2 Kc6 41. Rf6+ Kb5 42. Nf7 Qe4+ 43. Kh2 Qc2 44. Ne5 Qe2 45. Kg2 Kb4 46. Rxg6 Kc3 47. Rb6 Qa2 48. Nf3 Kd3 49. Rc6 Ke2 50. Ng1+ Ke1 51. Nf3+ Ke2 52. Ng1+ Ke1 53. Rc5 Qxf2+ 54. Kh3 Qf1+ 55. Kh2 Qf2+ 56. Kh1 Qxg3 57. Rc2 Qxh4+ 58. Kg2 Qg4+ 59. Kh2 Qh4+ 60. Kg2 Qe4+ 61. Nf3+ Kd1 62. Rd2+ Kc1 63. Kf2 h4 64. Re2 Qg4 65. Ne1 Qg3+ 66. Kf1 h3 67. Nd3+ Kb1 68. Rb2+ Ka1 69. Rc2 Qf3+ 70. Nf2 h2 71. Ke1 h1=Q+ 72. Nxh1 Qxh1+ 73. Kd2 Qg2+ 74. Kd3 Qf1+ 75. Kc3 Kb1 76. Rb2+ Kc1 77. Rc2+ Kd1 78. Ra2 Qc4+ 79. Kb2 Kd2 80. Ra3 Qc2+ 81. Ka1 Kc1 82. Rb3 Qxb3 0-1


[Site "https://www.chess.com"]

[Event "Titled Tuesday Blitz January 31 Late 2023"]
[White "Taspinar, Yanki"]
[Black "Pakleza, Zbigniew"]
[WhiteFideId "34561188"]
[BlackFideId "1119290"]
[WhiteElo "2262"]
[BlackElo "2494"]
[Result "1-0"]
[Round "08"]
[TimeControl "180+2"]
[Date "2023.01.31"]
[WhiteClock "0:00:05"]
[BlackClock "0:00:03"]

1. Nf3 d5 2. g3 Nf6 3. Bg2 Bf5 4. O-O e6 5. d3 Be7 6. c4 c6 7. Nc3 O-O 8. cxd5 cxd5 9. Qb3 Nc6 10. Qxb7 Nb4 11. Nd4 Bc5 12. Nc6 Nxc6 13. Qxc6 Rc8 14. Qa4 h6 15. Bd2 Qb6 16. Rab1 Ng4 17. Be1 Nxf2 18. Rxf2 Bxf2+ 19. Bxf2 Qb8 20. Bxa7 Qd6 21. Bf2 Ra8 22. Qd1 Rfb8 23. a3 Bg6 24. Qc2 Qa6 25. Na2 Rc8 26. Qd2 Rab8 27. Nb4 Qd6 28. Rc1 Qe5 29. Rc3 Qf6 30. Qc1 Re8 31. Rc7 h5 32. Qc3 Qd8 33. Ra7 Ra8 34. Nc6 Qd6 35. Ne7+ Kh7 36. Nxg6 Kxg6 37. Rxa8 Rxa8 38. Qd4 f6 39. g4 hxg4 40. Qxg4+ Kf7 41. h4 Rc8 42. Bg3 Rc1+ 43. Kh2 Qc5 44. h5 Qg1+ 45. Kh3 Rc2 46. Qg6+ Kf8 47. Bd6+ Kg8 48. Qe8+ Kh7 49. Qg6+ Kg8 50. h6 Qxg2+ 51. Qxg2 Rxe2 52. Qxg7# 1-0


[Site "https://www.chess.com"]

[Event "Titled Tuesday Blitz January 31 Late 2023"]
[White "Lizak, Peter"]
[Black "Galchenko, Matvey"]
[WhiteFideId "731595"]
[BlackFideId "24175480"]
[WhiteElo "2411"]
[BlackElo "2438"]
[Result "0-1"]
[Round "08"]
[TimeControl "180+2"]
[Date "2023.01.31"]
[WhiteClock "0:00:14"]
[BlackClock "0:00:14"]

1. d4 Nf6 2. Nc3 d5 3. Bf4 a6 4. e3 b5 5. Nf3 e6 6. Bd3 Bb7 7. Ne2 Nbd7 8. h3 c5 9. c3 Qb6 10. O-O Be7 11. Ne5 O-O 12. Ng3 Nxe5 13. dxe5 Nd7 14. Nh5 g6 15. Bh6 Rfe8 16. f4 c4 17. Bc2 Qxe3+ 18. Kh2 Rad8 19. Rf3 Qb6 20. Rg3 Qf2 21. Ng7 Rf8 22. Nxe6 fxe6 23. Bxg6 Qxg3+ 24. Kxg3 hxg6 25. Qg4 Kf7 26. Bxf8 Rxf8 27. a4 b4 28. Rd1 Nc5 29. cxb4 Nxa4 30. Qe2 Bxb4 31. f5 exf5 32. e6+ Ke7 33. b3 Nc3 34. Qe3 f4+ 0-1


[Site "https://www.chess.com"]

[Event "Titled Tuesday Blitz January 31 Late 2023"]
[White "Tworuszka, Michal"]
[Black "Paichadze, Luka"]
[WhiteFideId "1117858"]
[BlackFideId "13602934"]
[WhiteElo "2260"]
[BlackElo "2515"]
[Result "1/2-1/2"]
[Round "08"]
[TimeControl "180+2"]
[Date "2023.01.31"]
[WhiteClock "0:00:10"]
[BlackClock "0:00:11"]

1. e4 c6 2. d4 d5 3. Nc3 dxe4 4. Nxe4 Bf5 5. Qf3 e6 6. Ne2 Bxe4 7. Qxe4 Nf6 8. Qd3 Nbd7 9. g3 Qc7 10. Bg2 Be7 11. O-O O-O 12. h3 Rfd8 13. Qb3 Rac8 14. c3 b6 15. a4 c5 16. Bf4 Bd6 17. Rfd1 Bxf4 18. Nxf4 cxd4 19. Rxd4 Nc5 20. Rxd8+ Rxd8 21. Qb5 h6 22. a5 e5 23. axb6 axb6 24. Ne2 Rd2 25. g4 Nd3 26. Ng3 Nxf2 27. Nf1 Rc2 28. Ne3 Rd2 29. Nf1 Nxh3+ 30. Bxh3 Rd5 31. Qe2 e4 32. Bg2 Qf4 33. Ne3 Rd3 34. Re1 g6 35. Qf2 Qg5 36. Rf1 Kg7 37. Nc2 Rd2 38. Qxf6+ Qxf6 39. Rxf6 Kxf6 40. Bxe4 Ke5 41. Bxg6 fxg6 42. Ne3 Ke4 43. Nc4 b5 44. Nxd2+ Kd3 45. Nf3 Kc2 46. Nd4+ Kxb2 47. Nxb5 Kb3 48. Kf2 Kc4 49. Nd6+ Kxc3 50. Nf7 h5 51. g5 Kd4 52. Nh8 Ke5 53. Nxg6+ Kf5 54. Nh4+ Kxg5 55. Nf3+ Kg4 56. Kg2 h4 57. Nxh4 1/2-1/2


[Site "https://www.chess.com"]

[Event "Titled Tuesday Blitz January 31 Late 2023"]
[White "Pranav, V"]
[Black "Kanakaris, Georgios"]
[WhiteFideId "25060783"]
[BlackFideId "4209460"]
[WhiteElo "2597"]
[BlackElo "2391"]
[Result "1-0"]
[Round "08"]
[TimeControl "180+2"]
[Date "2023.01.31"]
[WhiteClock "0:01:54"]
[BlackClock "0:00:20"]

1. b3 Nf6 2. Bb2 e6 3. c4 d5 4. e3 c5 5. Nf3 Nc6 6. Be2 Be7 7. O-O O-O 8. cxd5 Nxd5 9. Nc3 Nxc3 10. Bxc3 b6 11. Rc1 Bb7 12. Qc2 Bf6 13. Rfd1 Bxc3 14. dxc3 Qe7 15. h4 h6 16. Bd3 Rfd8 17. Be4 Rxd1+ 18. Rxd1 Rd8 19. g3 Rd6 20. h5 Qd8 21. Rxd6 Qxd6 22. g4 Kf8 23. a3 Ke7 24. b4 f6 25. b5 Na5 26. Bxb7 Nxb7 27. Qh7 Kf7 28. Qg6+ Kf8 29. Kg2 Qd5 30. e4 Qd3 31. g5 fxg5 32. Ne5 1-0


[Site "https://www.chess.com"]

[Event "Titled Tuesday Blitz January 31 Late 2023"]
[White "Bjelobrk, Igor"]
[Black "Tari, Aryan"]
[WhiteFideId "4300726"]
[BlackFideId "1510045"]
[WhiteElo "2403"]
[BlackElo "2642"]
[Result "1-0"]
[Round "08"]
[TimeControl "180+2"]
[Date "2023.01.31"]
[WhiteClock "0:00:17"]
[BlackClock "0:00:01"]

1. d4 Nf6 2. c4 b6 3. Nc3 Bb7 4. Qc2 d5 5. cxd5 Nxd5 6. e4 Nxc3 7. bxc3 e5 8. Nf3 exd4 9. Bc4 d3 10. Qb3 Qe7 11. Ng5 f6 12. Bf7+ Kd8 13. Bd5 c6 14. Nf7+ Ke8 15. Be6 Na6 16. Be3 Nc7 17. Bc4 Rg8 18. O-O b5 19. Nd6+ Qxd6 20. Bxg8 c5 21. c4 b4 22. Bd5 Nxd5 23. exd5 Kf7 24. Qxd3 g6 25. Rfe1 Bc8 26. a3 Bf5 27. Qb3 Rb8 28. axb4 Rxb4 29. Rxa7+ Kg8 30. Qc3 Qb6 31. Ra8 Kg7 32. Bf4 Rb1 33. Rb8 Qxb8 34. Bxb8 Rxb8 35. h3 Bd6 36. g4 Bd7 37. g5 1-0


[Site "https://www.chess.com"]

[Event "Titled Tuesday Blitz January 31 Late 2023"]
[White "Real_OceanStorm"]
[Black "Kazakouski, Valery"]
[BlackFideId "13507443"]
[WhiteElo "2671"]
[BlackElo "2539"]
[Result "0-1"]
[Round "08"]
[TimeControl "180+2"]
[Date "2023.01.31"]
[WhiteClock "0:00:03"]
[BlackClock "0:01:00"]

1. Nf3 d5 2. b3 Bg4 3. Bb2 Bxf3 4. gxf3 e6 5. d4 Nf6 6. Nd2 c5 7. dxc5 Bxc5 8. c4 d4 9. a3 a5 10. b4 axb4 11. axb4 Rxa1 12. Bxa1 Bxb4 13. Qb3 Nc6 14. Bb2 Qa5 15. Qd3 O-O 16. Qc2 Qa2 17. Kd1 Ra8 18. e3 dxe3 19. fxe3 Rd8 20. Bd3 Rxd3 21. Qxd3 Qxb2 22. Ke2 g6 23. Rb1 Qe5 24. Nf1 b6 25. Ng3 Bc5 26. f4 Qc7 27. Ne4 Nxe4 28. Qxe4 Ne7 29. Ra1 Nf5 30. Kf3 Bxe3 31. Ra8+ Kg7 32. h3 Bc5 33. Ra1 Nd4+ 34. Kg3 Nf5+ 35. Kg2 h5 36. Re1 Qd7 37. Qe2 Qd4 38. Qe5+ Qxe5 39. fxe5 Ne7 40. Kf3 Nc6 41. Kf4 Bd4 42. Re2 Bxe5+ 0-1


[Site "https://www.chess.com"]

[Event "Titled Tuesday Blitz January 31 Late 2023"]
[White "Leiva, Gianmarco"]
[Black "Yuan, Qingyu"]
[WhiteFideId "3804399"]
[BlackFideId "8609772"]
[WhiteElo "2392"]
[BlackElo "2373"]
[Result "0-1"]
[Round "08"]
[TimeControl "180+2"]
[Date "2023.01.31"]
[WhiteClock "0:00:19"]
[BlackClock "0:00:12"]

1. e4 e5 2. f3 d5 3. g3 Nf6 4. Bg2 Bc5 5. d3 O-O 6. Nh3 dxe4 7. dxe4 Qe7 8. Nf2 Rd8 9. Qe2 b6 10. Nd2 Ba6 11. c4 Nc6 12. Nb3 Bb4+ 13. Bd2 Bxd2+ 14. Nxd2 Nd4 15. Qd1 Qb4 16. Nd3 Qa5 17. a3 Bxc4 18. b4 Qa6 19. Nxc4 Qxc4 20. Rc1 Qa6 21. O-O Qxa3 22. Ra1 Qb3 23. Nxe5 Qxb4 24. Rb1 Qc5 25. Nd3 Ne2+ 26. Kh1 Qe3 27. Re1 Rxd3 28. Qxe2 Qxe2 29. Rxe2 a5 30. f4 a4 31. Rc2 a3 32. Rxc7 a2 33. Rbc1 a1=Q 34. e5 Rd1+ 0-1


[Site "https://www.chess.com"]

[Event "Titled Tuesday Blitz January 31 Late 2023"]
[White "Salimova, Nurgyul"]
[Black "Blomqvist, Erik"]
[WhiteFideId "2915138"]
[BlackFideId "1709437"]
[WhiteElo "2391"]
[BlackElo "2523"]
[Result "1-0"]
[Round "08"]
[TimeControl "180+2"]
[Date "2023.01.31"]
[WhiteClock "0:00:05"]
[BlackClock "0:00:01"]

1. d4 d5 2. Nf3 Nf6 3. c4 dxc4 4. e3 e6 5. Bxc4 c5 6. O-O a6 7. e4 b5 8. Be2 Nxe4 9. a4 b4 10. Nbd2 Bb7 11. Nxe4 Bxe4 12. Be3 cxd4 13. Nxd4 Nc6 14. Bf3 Bxf3 15. Qxf3 Nxd4 16. Bxd4 Qd5 17. Qe3 Be7 18. Rad1 Qg5 19. Qxg5 Bxg5 20. Bxg7 Rg8 21. Be5 Be7 22. Rc1 f6 23. Bf4 e5 24. Be3 Kf7 25. Rc7 Rgc8 26. Rfc1 Rxc7 27. Rxc7 Ke6 28. Kf1 h5 29. g3 Bd6 30. Rc4 f5 31. Ke2 Kd5 32. b3 Rg8 33. f3 f4 34. Bf2 h4 35. gxh4 Rg2 36. Kf1 Rg7 37. Rc2 Be7 38. Rd2+ Ke6 39. Rc2 Kd7 40. Ke2 Rg2 41. Kf1 Rg7 42. Rc4 Rh7 43. a5 Rh6 44. Kg2 Rd6 45. h5 Rh6 46. Be1 Rxh5 47. Bxb4 Rg5+ 48. Kf2 Rh5 49. Bxe7 Kxe7 50. Kg2 Kd6 51. b4 Kd5 52. Rc5+ Kd4 53. Rc6 Rg5+ 54. Kf2 Rh5 55. h4 Rxh4 56. Kg2 Rh5 57. Rxa6 Kc4 58. Rb6 e4 59. fxe4 1-0


[Site "https://www.chess.com"]

[Event "Titled Tuesday Blitz January 31 Late 2023"]
[White "Suder, Jakub"]
[Black "Karolczuk, Iwo"]
[WhiteFideId "1195310"]
[BlackFideId "21816972"]
[WhiteElo "2244"]
[BlackElo "2343"]
[Result "0-1"]
[Round "08"]
[TimeControl "180+2"]
[Date "2023.01.31"]
[WhiteClock "0:02:43"]
[BlackClock "0:01:46"]

1. d4 Nf6 2. c4 e6 3. Nc3 Bb4 4. f3 c5 5. d5 b5 6. e4 d6 7. Bd2 O-O 8. Nxb5 a6 9. Nc3 exd5 10. Nxd5 Nxd5 11. exd5 Re8+ 12. Kf2 Qh4+ 13. g3 Qd4+ 14. Kg2 Qxb2 0-1


[Site "https://www.chess.com"]